BSA
MADISON BOMBERS @ AUSTIN RIVER SHARKS
09/07/2026
 
TOP OF THE 1ST
Madison Bombers batting - Pitching for Austin River Sharks : RHP Esteban Alfonzo
Pitching: RHP Esteban Alfonzo
Batting: RHB Guo-xiu Choi 0-0: Ball
1-0: Foul Ball, location: 2F
1-1: DOUBLE (Line Drive, 9LS)
Batting: RHB Alonso Holguín 0-0: Ball
1-0: Ball
2-0: Called Strike
2-1: Called Strike
2-2: Ball
3-2: Foul Ball, location: 2F
3-2: Base on Balls
Batting: LHB Seung-chun Mun 0-0: Called Strike
0-1: Called Strike
0-2: Ball
1-2: Foul Ball, location: 2F
1-2: Foul Ball, location: 2F
1-2: Strikes out looking
Batting: RHB Vicente Aguirre 0-0: Called Strike
Alonso Holguín is caught stealing 2nd base
0-1: Foul Ball, location: 2F
0-2: Ball
1-2: Ball
2-2: Foul Ball, location: 2F
2-2: Strikes out swinging
Top of the 1st over - 0 run(s), 1 hit(s), 0 error(s), 1 left on base; Madison 0 - Austin 0
BOTTOM OF THE 1ST
Austin River Sharks batting - Pitching for Madison Bombers : LHP Bill Moore
Pitching: LHP Bill Moore
Batting: RHB Tyler Wagner 0-0: Called Strike
0-1: SOLO HOME RUN (Flyball, 9D), Distance : 406 ft
Batting: RHB Orlando Bruno 0-0: Bunted foul
0-1: Ball
1-1: Ball
2-1: Ball
3-1: Called Strike
3-2: Strikes out looking
Batting: RHB Kenneth Roberts 0-0: Ball
1-0: Called Strike
1-1: Foul Ball, location: 2F
1-2: SINGLE (Groundball, 6MD)
Batting: SHB Juan Castro 0-0: SINGLE (Line Drive, 8LS)
Kenneth Roberts to second
Batting: LHB Pedro Zaragoza 0-0: Ball
1-0: Ball
2-0: Foul Ball, location: 2F
2-1: Called Strike
2-2: Strikes out swinging
Batting: LHB Terry Maloney 0-0: Ball
1-0: Ball
2-0: Foul Ball, location: 2F
2-1: Foul Ball, location: 2F
2-2: Ball
3-2: Foul Ball, location: 2F
3-2: SINGLE (Groundball, 6MD)
Kenneth Roberts to third
Juan Castro to second
Kenneth Roberts scores
Juan Castro to third
Batting: RHB Carlos Pérez 0-0: Foul Ball, location: 2F
0-1: Ball
1-1: Fly out, F8 (Flyball, 8LM)
Bottom of the 1st over - 2 run(s), 4 hit(s), 0 error(s), 2 left on base; Madison 0 - Austin 2
TOP OF THE 2ND
Madison Bombers batting - Pitching for Austin River Sharks : RHP Esteban Alfonzo
Batting: LHB Mike Callahan 0-0: Ball
1-0: Ball
2-0: Called Strike
2-1: Foul Ball, location: 2F
2-2: Ball
3-2: Foul Ball, location: 2F
3-2: Foul Ball, location: 2F
3-2: Base on Balls
Batting: RHB Sergio Márquez 0-0: Ball
1-0: Grounds into double play, 4-6-3 (Groundball, 4)
Batting: LHB Sixto Cantú 0-0: Ball
1-0: Called Strike
1-1: Ball
2-1: Ball
3-1: Ground out 5-3 (Groundball, 56)
Top of the 2nd over - 0 run(s), 0 hit(s), 0 error(s), 0 left on base; Madison 0 - Austin 2
BOTTOM OF THE 2ND
Austin River Sharks batting - Pitching for Madison Bombers : LHP Bill Moore
Batting: SHB John Miller 0-0: Ball
1-0: Ball
2-0: Foul Ball, location: 2F
2-1: Foul Ball, location: 2F
2-2: Ball
3-2: DOUBLE (Flyball, 8RXD)
Batting: LHB Bruno Lalonde 0-0: Called Strike
0-1: Ball
1-1: Ball
2-1: Foul Ball, location: 2F
2-2: Fly out, F7 (Flyball, 7S)
Batting: RHB Tyler Wagner 0-0: Called Strike
0-1: Ball
1-1: Ball
2-1: Swinging Strike
2-2: Ground out 1-3 (Groundball, 23)
John Miller to third
Batting: RHB Orlando Bruno 0-0: Called Strike
0-1: Called Strike
0-2: Ball
1-2: Ball
2-2: Foul Ball, location: 2F
2-2: Ball
3-2: SINGLE (Flyball, 89S)
John Miller scores
Batting: RHB Kenneth Roberts 0-0: Ball
1-0: Ball
2-0: Called Strike
2-1: SINGLE (Groundball, 6MD)
Orlando Bruno to second
Runner from 2nd tries for 3rd, SAFE, throw made to third
Batting: SHB Juan Castro 0-0: Called Strike
0-1: Ball
1-1: Ball
2-1: Foul Ball, location: 2F
2-2: Ground out 3-1 (Groundball, 34)
Bottom of the 2nd over - 1 run(s), 3 hit(s), 0 error(s), 2 left on base; Madison 0 - Austin 3
TOP OF THE 3RD
Madison Bombers batting - Pitching for Austin River Sharks : RHP Esteban Alfonzo
Batting: SHB Dave MacThomas 0-0: Called Strike
0-1: Ground out U3 (Groundball, 3)
Batting: RHB Quinton Martínez 0-0: Called Strike
0-1: Called Strike
0-2: DOUBLE (Line Drive, 78M)
Batting: RHB Guo-xiu Choi 0-0: Ball
1-0: Called Strike
1-1: Ground out 4-3 (Groundball, 34)
Quinton Martínez to third
Batting: RHB Alonso Holguín 0-0: Foul Ball, location: 2F
0-1: Foul Ball, location: 2F
0-2: Strikes out swinging
Top of the 3rd over - 0 run(s), 1 hit(s), 0 error(s), 1 left on base; Madison 0 - Austin 3
BOTTOM OF THE 3RD
Austin River Sharks batting - Pitching for Madison Bombers : LHP Bill Moore
Batting: LHB Pedro Zaragoza 0-0: Fly out, F8 (Flyball, 8LXD)
Batting: LHB Terry Maloney 0-0: Fly out, F6 (Popup, 7LSF)
Batting: RHB Carlos Pérez 0-0: Swinging Strike
0-1: Ball
1-1: Ball
2-1: Ball
3-1: Called Strike
3-2: Base on Balls
Batting: SHB John Miller 0-0: Called Strike
Carlos Pérez is caught stealing 2nd base
Bottom of the 3rd over - 0 run(s), 0 hit(s), 0 error(s), 0 left on base; Madison 0 - Austin 3
TOP OF THE 4TH
Madison Bombers batting - Pitching for Austin River Sharks : RHP Esteban Alfonzo
Batting: LHB Seung-chun Mun 0-0: Ball
1-0: Ball
2-0: Foul Ball, location: 2F
2-1: Ground out 1-3 (Groundball, 13S)
Batting: RHB Vicente Aguirre 0-0: Ball
1-0: Ball
2-0: Foul Ball, location: 2F
2-1: Foul Ball, location: 2F
2-2: Ground out 6-3 (Groundball, 6)
Batting: LHB Mike Callahan 0-0: Ball
1-0: Ball
2-0: Swinging Strike
2-1: Ball
3-1: Called Strike
3-2: Foul Ball, location: 2F
3-2: Foul Ball, location: 2F
3-2: Base on Balls
Batting: RHB Sergio Márquez 0-0: Ground out 5-3 (Groundball, 56S)
Top of the 4th over - 0 run(s), 0 hit(s), 0 error(s), 1 left on base; Madison 0 - Austin 3
BOTTOM OF THE 4TH
Austin River Sharks batting - Pitching for Madison Bombers : LHP Bill Moore
Batting: SHB John Miller 0-0: Ball
1-0: Called Strike
1-1: Foul Ball, location: 2F
1-2: Ball
2-2: DOUBLE (Flyball, 8LXD)
Batting: LHB Bruno Lalonde 0-0: Foul Ball, location: 2F
0-1: Fly out, F8 (Flyball, 78S)
Batting: RHB Tyler Wagner 0-0: SINGLE (Groundball, 56D)
John Miller to third
Runner from 3rd tries for Home, SAFE, no throw or cutoff
Batting: RHB Orlando Bruno 0-0: Ball
1-0: Foul Ball, location: 2F
1-1: Ground out 4-3 (Groundball, 6M)
Tyler Wagner to second
Batting: RHB Kenneth Roberts 0-0: Ball
1-0: Called Strike
1-1: Ball
2-1: Foul Ball, location: 2F
2-2: Fly out, F3 (Popup, 3D)
Bottom of the 4th over - 1 run(s), 2 hit(s), 0 error(s), 1 left on base; Madison 0 - Austin 4
TOP OF THE 5TH
Madison Bombers batting - Pitching for Austin River Sharks : RHP Esteban Alfonzo
Batting: LHB Sixto Cantú 0-0: Swinging Strike
0-1: Swinging Strike
0-2: Strikes out swinging
Batting: SHB Dave MacThomas 0-0: Ball
1-0: Ball
2-0: Ball
3-0: Base on Balls
Batting: RHB Quinton Martínez 0-0: Called Strike
0-1: Ball
1-1: Called Strike
1-2: Foul Ball, location: 2F
1-2: Foul Ball, location: 2F
1-2: Strikes out swinging
Batting: RHB Guo-xiu Choi 0-0: Ball
1-0: Ground out 4-3 (Groundball, 4)
Top of the 5th over - 0 run(s), 0 hit(s), 0 error(s), 1 left on base; Madison 0 - Austin 4
BOTTOM OF THE 5TH
Austin River Sharks batting - Pitching for Madison Bombers : LHP Bill Moore
Batting: SHB Juan Castro 0-0: Called Strike
0-1: Ball
1-1: Ball
2-1: Ground out U3 (Groundball, 3S)
Batting: LHB Pedro Zaragoza 0-0: Ball
1-0: SINGLE (Line Drive, 56)
Batting: LHB Terry Maloney 0-0: Called Strike
0-1: Ball
1-1: Ground out 4-3 (Groundball, 4M)
Pedro Zaragoza to second
Batting: RHB Carlos Pérez 0-0: Called Strike
0-1: SINGLE (Groundball, 5S) (infield hit)
Pedro Zaragoza to third
Batting: SHB John Miller 0-0: Ball
1-0: Called Strike
1-1: Fielders Choice at 2nd, U6 (Groundball, 6M)
Bottom of the 5th over - 0 run(s), 2 hit(s), 0 error(s), 2 left on base; Madison 0 - Austin 4
TOP OF THE 6TH
Madison Bombers batting - Pitching for Austin River Sharks : RHP Esteban Alfonzo
Batting: RHB Alonso Holguín 0-0: Called Strike
0-1: Ball
1-1: Swinging Strike
1-2: Ball
2-2: Ball
3-2: Foul Ball, location: 2F
3-2: Base on Balls
Batting: LHB Seung-chun Mun 0-0: Foul Ball, location: 2F
0-1: Grounds into double play, 4-6-3 (Groundball, 4)
Batting: RHB Vicente Aguirre 0-0: Called Strike
0-1: SOLO HOME RUN (Flyball, 8RXD), Distance : 421 ft
Batting: LHB Mike Callahan 0-0: Called Strike
0-1: DOUBLE (Line Drive, 9LM)
Pitching: RHP Tatsuzo Harada
Batting: RHB Sergio Márquez 0-0: Ball
1-0: Called Strike
1-1: Ball
2-1: Ball
3-1: Base on Balls
Batting: LHB Sixto Cantú 0-0: Called Strike
0-1: Foul Ball, location: 2F
0-2: Ball
1-2: Strikes out swinging
Top of the 6th over - 1 run(s), 2 hit(s), 0 error(s), 2 left on base; Madison 1 - Austin 4
BOTTOM OF THE 6TH
Austin River Sharks batting - Pitching for Madison Bombers : LHP Bill Moore
Pitching: RHP Arturo Leal
Batting: LHB Bruno Lalonde 0-0: Swinging Strike
0-1: Foul Ball, location: 2F
0-2: Ball
1-2: DOUBLE (Line Drive, 9LM)
Batting: RHB Tyler Wagner 0-0: Intentional Walk
Batting: RHB Orlando Bruno 0-0: Swinging Strike
0-1: Ball
1-1: Ball
2-1: Ground out 5-3 (Groundball, 56S)
Bruno Lalonde to third
Tyler Wagner to second
Batting: RHB Kenneth Roberts 0-0: Ball
1-0: Swinging Strike
1-1: Foul Ball, location: 2F
1-2: Ball
2-2: Strikes out swinging
Batting: SHB Juan Castro 0-0: Ground out 1-3 (Groundball, 15S)
Bottom of the 6th over - 0 run(s), 1 hit(s), 0 error(s), 2 left on base; Madison 1 - Austin 4
TOP OF THE 7TH
Madison Bombers batting - Pitching for Austin River Sharks : RHP Tatsuzo Harada
Batting: SHB Dave MacThomas 0-0: Ball
1-0: Ball
2-0: Swinging Strike
2-1: Swinging Strike
2-2: Strikes out looking
Batting: RHB Quinton Martínez 0-0: Called Strike
0-1: Ball
1-1: Fly out, F7 (Flyball, 7M)
Batting: RHB Guo-xiu Choi 0-0: Ball
1-0: Ball
2-0: Ball
3-0: Called Strike
3-1: Fly out, F8 (Flyball, 8RM)
Top of the 7th over - 0 run(s), 0 hit(s), 0 error(s), 0 left on base; Madison 1 - Austin 4
BOTTOM OF THE 7TH
Austin River Sharks batting - Pitching for Madison Bombers : RHP Arturo Leal
Batting: LHB Pedro Zaragoza 0-0: Ball
1-0: Called Strike
1-1: Fly out, F6 (Popup, 6D)
Batting: LHB Terry Maloney 0-0: Fly out, F7 (Flyball, 78S)
Batting: RHB Carlos Pérez 0-0: Swinging Strike
0-1: Ball
1-1: Ball
2-1: Called Strike
2-2: Ball
3-2: Foul Ball, location: 2F
3-2: SINGLE (Popup, 4D)
Batting: SHB John Miller 0-0: Ball
1-0: Swinging Strike
1-1: Fly out, F9 (Popup, 9S)
Bottom of the 7th over - 0 run(s), 1 hit(s), 0 error(s), 1 left on base; Madison 1 - Austin 4
TOP OF THE 8TH
Madison Bombers batting - Pitching for Austin River Sharks : RHP Tatsuzo Harada
Batting: RHB Alonso Holguín 0-0: Foul Ball, location: 2F
0-1: Ball
1-1: Ball
2-1: Swinging Strike
2-2: Strikes out looking
Batting: LHB Seung-chun Mun 0-0: Ball
1-0: Foul Ball, location: 2F
1-1: Foul Ball, location: 2F
1-2: Strikes out swinging
Batting: RHB Vicente Aguirre 0-0: Ball
1-0: Ball
2-0: Foul Ball, location: 2F
2-1: Foul Ball, location: 2F
2-2: Foul Ball, location: 2F
2-2: Fly out, F9 (Flyball, 9M)
Top of the 8th over - 0 run(s), 0 hit(s), 0 error(s), 0 left on base; Madison 1 - Austin 4
BOTTOM OF THE 8TH
Austin River Sharks batting - Pitching for Madison Bombers : RHP Arturo Leal
Pitching: RHP Alonso Gallardo
Batting: LHB Bruno Lalonde 0-0: Ball
1-0: Called Strike
1-1: Ball
2-1: Called Strike
2-2: Ball
3-2: Foul Ball, location: 2F
3-2: Base on Balls
Batting: RHB Tyler Wagner 0-0: Ball
1-0: Sac Bunt - play at first, batter OUT! 5-4
Bruno Lalonde to second
Batting: RHB Orlando Bruno 0-0: Ball
1-0: Swinging Strike
1-1: Swinging Strike
1-2: Ball
2-2: Strikes out swinging
Batting: RHB Kenneth Roberts 0-0: Ground out 1-3 (Groundball, 15)
Bottom of the 8th over - 0 run(s), 0 hit(s), 0 error(s), 1 left on base; Madison 1 - Austin 4
TOP OF THE 9TH
Madison Bombers batting - Pitching for Austin River Sharks : RHP Tatsuzo Harada
Pitching: LHP Ignacio Colón
Batting: LHB Mike Callahan 0-0: Ground out 4-3 (Groundball, 4)
Batting: RHB Sergio Márquez 0-0: Ground out 4-3 (Groundball, 34)
Batting: LHB Sixto Cantú 0-0: Ball
1-0: Ball
2-0: Ball
3-0: Called Strike
3-1: Ground out 4-3 (Groundball, 4)
Top of the 9th over - 0 run(s), 0 hit(s), 0 error(s), 0 left on base; Madison 1 - Austin 4
Monday, December 5th, 2016 - OOTP Baseball 17.12 Build 75